AoeStats
← Canek

Arena

505997770Analyzed
4v4 RM · 20d ago on Sep 12, 2026· 67m 29s· 8 players
Game mode
Random Map
Map size
Large (8 player)
Population
200
Speed
Normal
Resources
Standard
Victory
Conquest
Starting age
Dark Age
Ending age
Imperial Age
RankedLock teamsTeams togetherTeam positionsShared explorationLock speedFull tech treeHidden civsTurbo modeCheats
Victory
Defeat
🇲🇽 Maya · Mexico
1019
+14
🇨🇱 Koreans · Chile
961
+16
🇯🇵 Mongols · Japan
925
+18
🇵🇪 Celts · Peru
897
+19
🇺🇦 Japanese · Ukraine
1057
-20
🇲🇽 Romans · Mexico
1045
-21
🇮🇹 Bohemians · Italy
882
-13
🇺🇸 Lithuanians · United States
874
-13
NordicPain
0:35 Loom
10:13 Feudal Age
15:10 Castle Age
14:29 Double-Bit Axe
14:43 Stone Mining
14:49 Horse Collar
30:45 Town Watch
32:45 Crossbowman
33:23 Eagle Warrior
35:29 Squires
35:47 Scale Mail Armor
35:59 Forging
38:39 Heavy Plow
38:23 Pikeman
40:32 Iron Casting
40:12 Chain Mail Armor
40:44 Wheelbarrow
40:54 Gold Mining
40:40 Elite Skirmisher
41:49 Thumb Ring
42:49 Hul'che Javelineers
45:42 Hand Cart
45:48 Bow Saw
49:50 Imperial Age
48:27 Fletching
48:38 Padded Archer Armor
49:39 Ballistics
51:35 Chemistry
50:33 Bodkin Arrow
50:53 Leather Archer Armor
52:15 Crop Rotation
53:45 Bracer
53:27 Capped Ram
55:03 Conscription
54:59 Fortified Wall
54:59 Masonry
55:15 Siege Ram
60:20 Ring Archer Armor
62:28 Spies/Treason
Chico_Migraña
8:31 Loom
10:32 Feudal Age
14:38 Castle Age
12:48 Double-Bit Axe
14:24 Horse Collar
16:18 Bow Saw
18:54 Wheelbarrow
20:26 Heavy Plow
22:19 Fletching
24:00 Ballistics
23:20 Treadmill Crane
26:12 Hand Cart
27:43 Bodkin Arrow
30:44 Town Watch
32:16 Scale Barding Armor
32:47 Hand Cart
33:11 Town Patrol
33:33 Chain Barding Armor
34:28 Forging
35:58 Iron Casting
35:49 Masonry
36:40 Scale Mail Armor
36:55 Caravan
39:59 Imperial Age
37:56 Chain Mail Armor
38:50 Fortified Wall
38:34 Pikeman
40:17 Elite Fire Lancer
41:34 Plate Mail Armor
41:29 Bracer
40:59 Halberdier
41:41 Squires
41:26 Arson
44:35 Two-Man Saw
44:17 Conscription
45:19 Chemistry
44:50 Architecture
44:26 Siege Engineers
44:15 Gold Mining
55:41 Eupseong
55:06 Elite War Wagon
59:34 Heavy Rocket Cart
missahmiccy
1:31 Loom
11:11 Feudal Age
11:54 Double-Bit Axe
11:51 Horse Collar
20:32 Castle Age
18:49 Gold Mining
20:14 Stone Mining
21:49 Bow Saw
22:10 Heavy Plow
22:41 Fletching
23:34 Bodkin Arrow
25:48 Padded Archer Armor
27:04 Wheelbarrow
29:34 Ballistics
36:43 Imperial Age
34:46 Hand Cart
34:17 Town Watch
34:00 Light Cavalry
34:41 Husbandry
35:40 Bloodlines
35:31 Husbandry
35:47 Leather Archer Armor
35:38 Scale Barding Armor
35:43 Forging
38:14 Bracer
38:34 Chain Barding Armor
38:25 Forging
39:02 Thumb Ring
39:23 Parthian Tactics
39:34 Conscription
40:05 Gold Shaft Mining
40:15 Stone Shaft Mining
41:01 Chemistry
40:13 Masonry
40:00 Murder Holes
40:16 Fortified Wall
42:08 Iron Casting
41:19 Elite Mangudai
42:00 Nomads
45:00 Town Patrol
46:52 Blast Furnace
47:22 Hussar
49:50 Caravan
53:30 Hoardings
55:15 Drill
55:59 Chemistry
55:10 Masonry
55:06 Siege Engineers
55:13 Fortified Wall
54:59 Murder Holes
58:57 Spies/Treason
El Travieso Scott
10:54 Feudal Age
16:27 Castle Age
14:34 Loom
15:14 Double-Bit Axe
15:17 Horse Collar
18:27 Fervor
18:35 Bow Saw
18:36 Gold Mining
23:02 Wheelbarrow
23:33 Stone Mining
24:28 Heavy Plow
29:07 Imperial Age
27:23 Pikeman
27:49 Arson
28:20 Forging
28:41 Gambesons
30:26 Halberdier
31:51 Capped Ram
33:28 Siege Ram
35:36 Siege Engineers
36:32 Chemistry
35:53 Ballistics
36:32 Conscription
36:55 Caravan
38:12 Iron Casting
39:15 Hand Cart
40:18 Furor Celtica
41:06 Scale Mail Armor
42:06 Blast Furnace
42:09 Chemistry
43:16 Gold Shaft Mining
43:17 Stone Shaft Mining
43:02 Chain Mail Armor
42:47 Murder Holes
44:27 Town Watch
47:53 Heavy Scorpion
52:16 Plate Mail Armor
53:14 Masonry
52:44 Treadmill Crane
52:54 Heated Shot
57:55 Fletching
58:05 Padded Archer Armor
58:36 Elite Woad Raider
59:07 Stronghold
62:02 Bodkin Arrow
62:22 Leather Archer Armor
65:43 Hoardings
66:47 Fortified Wall
66:44 Scale Barding Armor
67:09 Ring Archer Armor
Canek
10:27 Feudal Age
9:21 Loom
15:25 Castle Age
14:07 Double-Bit Axe
15:40 Pikeman
18:14 Bow Saw
18:30 Gold Mining
18:24 Horse Collar
19:47 Stone Mining
21:52 Fletching
28:38 Scale Barding Armor
31:30 Gold Shaft Mining
30:55 Bodkin Arrow
32:09 Man-at-Arms
33:00 Long Swordsman
35:21 Forging
43:32 Wheelbarrow
43:28 Scale Mail Armor
44:52 Hand Cart
50:04 Imperial Age
49:03 Heavy Plow
Scotticus6181
11:14 Feudal Age
11:47 Double-Bit Axe
19:12 Castle Age
17:18 Gold Mining
17:49 Stone Mining
20:28 Bloodlines
20:21 Horse Collar
23:28 Heavy Plow
26:52 Wheelbarrow
27:00 Forging
27:48 Stone Shaft Mining
28:59 Hand Cart
33:14 Imperial Age
31:57 Bow Saw
32:42 Iron Casting
32:57 Husbandry
32:19 Light Cavalry
34:20 Conscription
34:03 Town Watch
34:29 Scale Barding Armor
35:28 Two-Man Saw
35:01 Caravan
35:34 Elite Leitis
37:19 Town Patrol
41:07 Crop Rotation
42:58 Chemistry
43:01 Chain Barding Armor
46:10 Plate Barding Armor
46:13 Winged Hussar
48:38 Loom
49:11 Masonry
48:42 Treadmill Crane
49:36 Cavalier
51:23 Fletching
51:55 Bombard Tower
52:07 Architecture
53:29 Ballistics
54:20 Bodkin Arrow
55:05 Scale Mail Armor
Il Gonzaga
0:34 Loom
13:03 Feudal Age
13:41 Double-Bit Axe
13:37 Horse Collar
22:27 Castle Age
21:07 Forging
22:40 Fletching
27:53 Squires
28:30 Bow Saw
28:23 Heavy Plow
29:26 Wheelbarrow
28:38 Town Watch
31:13 Pikeman
32:18 Hand Cart
34:00 Scale Mail Armor
34:52 Wagenburg Tactics
35:29 Chain Mail Armor
36:28 Caravan
38:54 Iron Casting
37:55 Light Cavalry
38:35 Husbandry
39:19 Padded Archer Armor
42:41 Imperial Age
40:57 Scale Barding Armor
44:26 Two-Man Saw
43:59 Conscription
43:02 Elite Hussite Wagon
44:50 Chain Barding Armor
45:18 Halberdier
48:23 Masonry
53:34 Chemistry
52:56 Ballistics
Andrxuv
13:34 Feudal Age
19:35 Castle Age
21:45 Loom
26:30 Imperial Age
28:05 Squires
32:42 Elite Samurai
48:20 Capped Ram
50:47 Onager
66:12 Fortified Wall
Connection lost

Rejoining the realm…

Still unreachable

The connection could not be restored.

Session expired

The server has moved on; the page needs a fresh start.